 Dungeon Crawl Stone Soup version 0.13.0-29-gdb529de (webtiles) character file.

204 Imon the Sneak (level 4, -3/29 HPs)
             Began as a Halfling Assassin on Nov 14, 2013.
             Slain by Crazy Yiuf
             ... wielding a +4,+2 quarterstaff of chaos
              (9 damage)
             ... on Level 3 of the Dungeon.
             The game lasted 00:13:36 (2096 turns).

Imon the Sneak (Halfling Assassin)                  Turns: 2096, Time: 00:13:37

HP  -3/29        AC  7     Str 11      XL: 4   Next: 31%
MP   1/3         EV 13     Int 11      God:
Gold 141         SH  0     Dex 18      Spells:  1 memorised,  0 levels left

Res.Fire  : . . .   See Invis. : .   a - +2,+3 dagger {=f}
Res.Cold  : . . .   Warding    : .   p - +3 leather armour
Life Prot.: . . .   Conserve   : .   (no shield)
Res.Poison: .       Res.Corr.  : .   (no helmet)
Res.Elec. : .       Clarity    : .   d - +0 cloak
Sust.Abil.: . .     Spirit.Shd : .   (no gloves)
Res.Mut.  : .       Stasis     : .   (no boots)
Res.Rott. : .       Flight     : .   (no amulet)
Saprovore : . . .                    (no ring)
                                     m - +3 ring of strength

@: drained, slightly resistant to hostile enchantments, quite stealthy
A: mutation resistance 1, slow metabolism 1
a: no special abilities


You were on level 3 of the Dungeon.
You were not hungry.

You visited 1 branch of the dungeon, and saw 3 of its levels.

You collected 91 gold pieces.

Inventory:

Hand weapons
 a - a +2,+3 dagger (weapon) {=f}
 b - a +0 blowgun
 i - a +0,+0 dwarven dagger
 k - a +1,+4 short sword
Missiles
 e - 8 poisoned needles
 f - 2 curare-tipped needles
 h - 48 stones (quivered)
 j - 22 bolts
 n - 3 darts
 u - 14 darts of dispersal
Armour
 c - a +0 robe
 d - a +0 cloak (worn)
 p - a +3 leather armour (worn)
 s - a +0 pair of gauntlets
Comestibles
 g - 2 bread rations
 l - a meat ration
 o - an apple
Scrolls
 q - 2 scrolls of teleportation
Jewellery
 m - a +3 ring of strength (left hand)
 t - an uncursed amulet of inaccuracy {unknown}
Books
 r - a book of the Dragon

   Spells                             Type                      Level
   *Flight                            Charms/Air                   3
   Cause Fear                         Hexes                        4
   Bolt of Fire                       Conjuration/Fire             6
   Dragon Form                        Transmutation                7
   Summon Dragon                      Summoning                    9


   Skills:
 + Level 2.3(2.0) Fighting
 + Level 3.2(2.9) Short Blades
 + Level 3.1(2.8) Throwing
 + Level 2.3(2.0) Dodging
 + Level 6.1(5.8) Stealth


You couldn't memorise any spells.
You knew the following spells:

 Your Spells              Type           Power        Failure   Level  Hunger
a - Flight                Chrm/Air       #.........   90%         3    ####...


Dungeon Overview and Level Annotations

Branches:
Dungeon (3/27)

Altars:

Annotations:
D:3 Crazy Yiuf


Innate Abilities, Weirdness & Mutations

You are small and have problems with some larger weapons.
You are somewhat resistant to further mutation.
You have a slow metabolism.


Message History

You hit Crazy Yiuf.
Crazy Yiuf is moderately wounded.
You hit Crazy Yiuf.
Crazy Yiuf is heavily wounded.
Crazy Yiuf says, "Ten!"
Crazy Yiuf closely misses you.
You completely miss Crazy Yiuf.
Crazy Yiuf is heavily wounded.
Crazy Yiuf hits you but does no damage.
You feel drained.
You hit Crazy Yiuf.
Crazy Yiuf is heavily wounded.
Crazy Yiuf hits you with a quarterstaff of chaos.
* * * LOW HITPOINT WARNING * * *
You feel your power leaking away.
You hit Crazy Yiuf.
Crazy Yiuf is severely wounded.
You hit Crazy Yiuf but do no damage.
Crazy Yiuf is severely wounded.
Crazy Yiuf hits you with a quarterstaff of chaos!
You die...

#................#.#....#
#....####...............##
####.# #................#
#.# ################.#
####.## #.# ###.....# #.##
........# #### ####..#
........# #)..### ##.....#
.......##
#..g@.####......# .......#
#...##..#......## .......#
#### ###.#....## .......#
######## .......# ######.#
#.# ... #.##


You could see Crazy Yiuf.

Vanquished Creatures
  2 adders
  A worm (D:2)
  2 giant geckos
  An ooze (D:1)
  A ball python (D:3)
  2 bats
  2 giant cockroaches
  4 goblins
  3 hobgoblins
  6 jackals (D:1)
  5 giant newts
  5 kobolds
  A rat (D:1)
  3 fungi (D:3)
38 creatures vanquished.

Notes
Turn   | Place    | Note
--------------------------------------------------------------
     0 | D:1      | Imon, the Halfling Assassin, began the quest for the Orb.
     0 | D:1      | Reached XP level 1. HP: 13/13 MP: 0/0
   221 | D:1      | Reached XP level 2. HP: 6/18 MP: 1/1
   810 | D:1      | Reached XP level 3. HP: 23/23 MP: 2/2
  1701 | D:3      | Reached skill level 6 in Stealth
  1701 | D:3      | Reached XP level 4. HP: 27/29 MP: 3/3
  1717 | D:3      | Learned a level 3 spell: Flight
  2083 | D:3      | Noticed Crazy Yiuf
  2096 | D:3      | Slain by Crazy Yiuf

Action                   |  1- 3 |  4- 6 || total
-------------------------+-------+-------++-------
Melee: Dagger            |   137 |    94 ||   231
  Use: Scroll            |     5 |     4 ||     9
       Potion            |     1 |       ||     1
 Stab: Distracted        |     1 |       ||     1
       Sleeping          |     2 |       ||     2
